 Dungeon Crawl Stone Soup version 0.17.1-3-g152610e (webtiles) character file.

69 MrTails the Skirmisher (level 4, -1/36 HPs)
             Began as a Demonspawn Abyssal Knight on Feb 21, 2016.
             Was a Follower of Lugonu.
             Slain by Ijyb
             ... wielding a +0 club
              (2 damage)
             ... on level 1 of the Dungeon.
             The game lasted 00:06:04 (1747 turns).

MrTails the Skirmisher (Demonspawn Abyssal Knight)  Turns: 1747, Time: 00:06:04

Health: -1/36      AC:  6    Str: 14    XL:     4   Next: 2%
Magic:  6/6        EV:  9    Int: 13    God:    Lugonu [*.....]
Gold:   165        SH:  0    Dex: 12    Spells: 0 memorised, 3 levels left

rFire  . . .     SeeInvis .     a - +1 hand axe
rCold  . . .     Clarity  .     l - +0 scale mail
rNeg   . . .     SustAt   .     (no shield)
rPois  .         Gourm    .     (no helmet)
rElec  .         Spirit   .     (no cloak)
rCorr  .         Warding  .     (no gloves)
rMut   .         Stasis   .     (no boots)
MR     .....                    (no amulet)
Stlth  ..........               (no ring)
                                e - -2 ring of dexterity (curse)

@: not resistant to hostile enchantments, extremely unstealthy
A: thin skeletal structure 1, powered by pain 1
a: Depart the Abyss, Renounce Religion


You were on level 1 of the Dungeon.
You worshipped Lugonu.
Lugonu was aware of your devotion.
You were not hungry.

You visited 1 branch of the dungeon, and saw 3 of its levels.
You visited the Abyss 1 time.

You collected 165 gold pieces.

Inventory:

Hand Weapons
 a - a +1 hand axe (weapon)
Armour
 b - a +0 leather armour
 l - a +0 scale mail (worn)
Jewellery
 e - a cursed -2 ring of dexterity (left hand)
Scrolls
 g - 2 scrolls of identify {unknown}
 i - a scroll of recharging {unknown}
 k - a scroll of remove curse {unknown}
Potions
 d - a potion of haste {unknown}
 f - a potion of magic {unknown}
Comestibles
 c - 3 bread rations
 h - 2 meat rations


   Skills:
 + Level 3.6 Fighting
 * Level 2.4 Axes
 + Level 2.1 Armour
 - Level 1.3 Dodging
 - Level 0.2 Stealth
 + Level 3.4 Invocations


You had 3 spell levels left.
You didn't know any spells.

Dungeon Overview and Level Annotations

Branches:
Dungeon (3/15)

Altars:

Annotations:
D:1 Ijyb
D:2 Terence


Innate Abilities, Weirdness & Mutations

You have a somewhat thin skeletal structure (Dex +2, Stealth).
You sometimes gain a little power by taking damage.


Message History

Ijyb hits you with a club.
* * * LOW HITPOINT WARNING * * *
You hit Ijyb.
Ijyb is severely wounded.
Ijyb screams, "I cut your head off!" Ijyb hits you but does no damage.
You hit Ijyb but do no damage.
Ijyb is severely wounded.
Ijyb hits you but does no damage.
You hit Ijyb but do no damage.
Ijyb is severely wounded.
Ijyb hits you but does no damage.
You hit Ijyb.
Ijyb is almost dead.
Ijyb hits you with a club.
* * * LOW HITPOINT WARNING * * *
You closely miss Ijyb.
Ijyb is almost dead.
Ijyb hits you with a club.
You die...

####.### #.#.#####.#........####
#.# #......##.#.######.# ##'##
###.##.##.#.# ####.# ##...##
#.##.##.#.# #....# ##.....##
#.##.##.#.###.##.# #...รท...##
#.......#........##
.........####....########.#...###
......(..'......g................
.........####...@########.#...###
#.......## ##.#.# ##.##.##
##.....## ###.# ##.#.### ##...##
##.## #.###.# ##'## #...# ##.#.##
#.# #...# ##.## ####.## #...#
####.##### ......# ##.##
#........### ###...## #.#
#.##.###(#..


You could see Ijyb.

Vanquished Creatures
  2 adders (D:2)
  2 oozes (D:1)
  2 worms (D:1)
  A giant gecko (D:2)
  4 giant cockroaches (D:1)
  A goblin (D:2)
  3 hobgoblins (D:1)
  6 jackals
  2 kobolds
  A quokka (D:2)
  3 bats (D:1)
  2 giant newts (D:1)
  6 rats
35 creatures vanquished.

Notes
Turn   | Place    | Note
--------------------------------------------------------------
     0 | Abyss:1  | MrTails the Demonspawn Abyssal Knight began the quest for the Orb.
     0 | Abyss:1  | Reached XP level 1. HP: 18/18 MP: 2/2
    56 | Abyss:1  | Found a corrupted altar of Lugonu.
    73 | Abyss:1  | Found a basalt altar of Yredelemnul.
    75 | Abyss:1  | Found a corrupted altar of Lugonu.
    76 | Abyss:1  | Noticed a quasit
    95 | Abyss:1  | Noticed a lich
    96 | D:1      | Escaped the Abyss
    98 | D:1      | Found a runed door.
   113 | D:1      | Reached skill level 1 in Dodging
   120 | D:1      | Gained mutation: You have a somewhat thin skeletal structure (Dex +2, Stealth). [demonic ancestry]
   120 | D:1      | Reached XP level 2. HP: 24/24 MP: 4/4
   149 | D:1      | HP: 1/24 [worm (10)]
   473 | D:1      | Reached * piety under Lugonu
   565 | D:1      | Reached XP level 3. HP: 29/29 MP: 5/5
  1651 | D:2      | Gained mutation: You sometimes gain a little power by taking damage. [demonic ancestry]
  1651 | D:2      | Reached XP level 4. HP: 21/36 MP: 6/6
  1652 | D:2      | Noticed Terence
  1656 | D:2      | Noticed Ijyb
  1746 | D:1      | HP: 1/36 [Ijyb/club (4)]
  1747 | D:1      | Slain by Ijyb

Action                   |  1- 3 |  4- 6 || total
-------------------------+-------+-------++-------
Melee: Hand axe          |   120 |    20 ||   140
Invok: Depart the Abyss  |     1 |       ||     1
  Use: Potion            |     1 |       ||     1
 Stab: Sleeping          |     6 |       ||     6
  Eat: Chunk             |     3 |       ||     3
